 Dungeon Crawl Stone Soup version 0.31-a0-182-gc5ef74bbde (webtiles) character file.

Game seed: 9186711221229766572

89 qw the Chopper (level 4, 0/28 HPs)
             Began as a Gargoyle Fighter on June 20, 2023.
             Slain by a gnoll
             ... wielding a +2 halberd of venom
              (7 damage)
             ... on level 2 of the Dungeon.
             The game lasted 00:00:31 (1073 turns).

qw the Chopper (Gargoyle Fighter)                   Turns: 1073, Time: 00:00:31

Health: 0/28       AC: 11    Str: 22    XL:     4   Next: 55%
Magic:  4/4        EV:  9    Int:  8    God:
Gold:   82         SH:  4    Dex:  9    Spells: 3/3 levels left

rFire   . . .        Y - +1 war axe
rCold   . . .        c - +0 buckler
rNeg    + . .        b - +0 scale mail
rPois   inf          (no helmet)
rElec   +            (no cloak)
rCorr   .            (no gloves)
SInv    .            h - +0 pair of boots
Will    .....        (no amulet) Stlth
                     (no ring)
HPRegen 0.24/turn    (no ring)
MPRegen 0.09/turn

%: no passive effects
@: no status effects
A: sickness immunity, AC +3, negative energy resistance 1, electricity
resistance, torment resistance 1, petrification resistance
a: no special abilities


You were on level 2 of the Dungeon.
You visited 1 branch of the dungeon, and saw 2 of its levels.

You collected 82 gold pieces.


Innate Abilities, Weirdness & Mutations

You are immune to sickness and miasma.
Your stone body is resilient. (AC +3)
You are immune to poison.
You resist negative energy. (rN+)
You are resistant to electric shocks. (rElec)
You are resistant to unholy torment.
You are immune to petrification.


   Skills:
 - Level 3.2 Fighting
 + Level 4.1 Axes
 - Level 0.6 Throwing
 - Level 3.2 Armour
 - Level 3.2 Shields


You had 3 spell levels left.
You didn't know any spells.
Your spell library was empty.

Inventory:

Hand Weapons
 a - a +0 flail
 Y - a +1 war axe (weapon)
Armour
 b - a +0 scale mail (worn)
 c - a +0 buckler (worn)
 h - a +0 pair of boots (worn)
Scrolls
 f - a scroll of noise {unknown}
Potions
 d - a potion of might
 e - a potion of brilliance {unknown}

Dungeon Overview and Level Annotations

Branches:
Dungeon (2/15)

Altars:


Message History

The gnoll is moderately wounded.
The gnoll closely misses you.
You slash the gnoll!
You kill the gnoll!
You closely miss the gnoll. The gnoll hits you with a +0 whip.
You block the gnoll's attack. The gnoll closely misses you.
You closely miss the gnoll. You barely miss the gnoll.
The gnoll barely misses you. The gnoll hits you with a +0 whip.
You barely miss the gnoll. You hit the gnoll.
The gnoll hits you from afar with a +2 halberd of venom.
The gnoll misses you. The gnoll hits you but does no damage.
You closely miss the gnoll.
The gnoll is heavily wounded.
You hit the gnoll. You block the gnoll's attack. The gnoll barely misses you.
The gnoll hits you with a +0 whip.
You hit the gnoll.
The gnoll is almost dead.
You barely miss the gnoll. The gnoll misses you. You block the gnoll's attack.
The gnoll closely misses you. The gnoll hits you with a +0 whip.
The gnoll closely misses you. x2
You hit the gnoll but do no damage.
The gnoll is almost dead.
You hit the gnoll. The gnoll closely misses you.
The gnoll hits you but does no damage. The gnoll hits you with a +0 whip.
You barely miss the gnoll.
The gnoll is almost dead.
You slash the gnoll!
You kill the gnoll!
The gnoll completely misses you. The gnoll hits you but does no damage.
Your Axes skill increases to level 4!
You hit the gnoll but do no damage.
The gnoll is almost dead.
The gnoll hits you but does no damage. You block the gnoll's attack.
The gnoll hits you but does no damage.
The gnoll hits you from afar with a +2 halberd of venom!
You die...

...# ###..... ..##..
.....# #.....
.......##.....# #.....
..............# #.....
................###.....
.!......................
(.......... .####.......
.....g#g.###.#####......
#)@.....$.#........
###.#................
#....................
#...##.................
#..# #.........>.......
#.# #................#
#. #................. #
#.................
......[.....)........


You could see 2 gnolls.

Vanquished Creatures
  5 gnolls (D:2)
  A worm (D:1)
  A dart slug (D:1)
  5 endoplasms
  A giant cockroach (D:2)
  5 goblins
  5 hobgoblins
  2 kobolds (D:1)
  A quokka (D:2)
  2 ball pythons
  2 bats (D:1)
  2 frilled lizards
  A rat (D:1)
33 creatures vanquished.

Notes
Turn   | Place    | Note
-------+----------+-------------------------------------------
     0 | D:1      | qw the Gargoyle Fighter began the quest for the Orb.
     0 | D:1      | Reached XP level 1. HP: 14/14 MP: 1/1
     0 | D:1      | 0 ||| qw: Version: 0.3-a-9-g12657ce
     0 | D:1      | 0 ||| qw: Game counter: 1424
     0 | D:1      | 0 ||| qw: Always use a shield: true
     0 | D:1      | 0 ||| qw: God list: Okawaru
     0 | D:1      | 0 ||| qw: Allow faded altars: false
     0 | D:1      | 0 ||| qw: Do Orc after D:15 true
     0 | D:1      | 0 ||| qw: Do second Lair branch before Depths: true
     0 | D:1      | 0 ||| qw: Lair rune preference: random
     0 | D:1      | 0 ||| qw: Plans: Normal, Zot:1-4, Slime:5, God:TSO, Crypt,
                  | Tomb, Abyss, Pan, Hells, Win
     0 | D:1      | 0 ||| PLANNING D:1-11
    52 | D:1      | 52 ||| Stepping ~*~*~tactically~*~*~ (stealth).
    57 | D:1      | Reached skill level 2 in Axes
   111 | D:1      | Reached XP level 2. HP: 18/19 MP: 2/2
   414 | D:1      | Reached skill level 3 in Axes
   539 | D:1      | 539 ||| Stepping ~*~*~tactically~*~*~ (hiding).
   541 | D:1      | 541 ||| Stepping ~*~*~tactically~*~*~ (stealth).
   545 | D:1      | Reached XP level 3. HP: 23/23 MP: 3/3
   678 | D:1      | 678 ||| UPGRADING to +0 pair of boots.
   683 | D:1      | 683 ||| READING 2 scrolls labelled QALAAPYOLO.
   684 | D:1      | 684 ||| READING scroll labelled DIECLEITOSM.
   685 | D:1      | 685 ||| READING scroll labelled TITHRA ZAPPUST.
   702 | D:1      | 702 ||| DROPPING scroll of revelation.
   737 | D:2      | 737 ||| Stepping ~*~*~tactically~*~*~ (stealth).
   742 | D:2      | 742 ||| Stepping ~*~*~tactically~*~*~ (stealth).
   755 | D:2      | 755 ||| FLEEEEING.
   756 | D:2      | 756 ||| FLEEEEING.
   757 | D:2      | 757 ||| STAIRDANCE
   794 | D:2      | 794 ||| STAIRDANCE
   798 | D:1      | Reached XP level 4. HP: 19/28 MP: 4/4
   927 | D:2      | 927 ||| Stepping ~*~*~tactically~*~*~ (stealth).
  1071 | D:2      | HP: 6/28 [gnoll/+0 whip (4)]
  1073 | D:2      | Reached skill level 4 in Axes
  1073 | D:2      | Slain by a gnoll

Levels and vault maps discovered:
D:1:      minmay_arrival_stair_chambers, layout_basic,
          minmay_misc_feat_ornament, chequers_avenue
D:2:      layout_rooms, uniq_robin

Skill      XL: |  1  2  3  4 |
---------------+-------------+-----
Axes           | 2 3 4 |  4.1
Fighting       | |  3.2
Throwing       | |  0.6
Armour         | |  3.2
Shields        | |  3.2

Action                     |  1- 3 |  4- 6 || total
---------------------------+-------+-------++-------
  Melee: War axe           |    47 |    24 ||    71
  Throw: Javelin           |    14 |     7 ||    21
    Use: Scroll            |     3 |       ||     3
 Armour: Scale mail        |    24 |    10 ||    34
  Dodge: Dodged            |    14 |    13 ||    27
  Block: Buckler           |     7 |     6 ||    13

Table legend:
 A = Non-vault XP
 B = Vault XP
 C = Vault XP percentage of total XP
 D = Non-vault monster count
 E = Vault monster count
 F = Vault count percentage of total count
                 A         B        C        D         E       F
            +---------+---------+-------+---------+---------+-------
      Total |     128 |       0 |   0.0 |      33 |       0 |   0.0
            +---------+---------+-------+---------+---------+-------
        D:1 |      41 |       0 |   0.0 |      20 |       0 |   0.0
        D:2 |      87 |       0 |   0.0 |      13 |       0 |   0.0
            +---------+---------+-------+---------+---------+-------
